| TOP OF THE 1ST |
|
Baltimore (APP) Orioles batting - Pitching for Greeneville Astros : RHP Mike Wirick
|
|
Pitching: RHP Mike Wirick
|
|
|
Batting: RHB Tony Fernandez
|
0-0: Ball 1-0: Ball 2-0: Ball 3-0: Base on Balls
|
|
Batting: RHB Luke Vaccarino
|
0-0: Ball 1-0: Swinging Strike 1-1: Ball 2-1: SINGLE (Groundball, 34D, EV 102.5 MPH) Tony Fernandez to second Runner from 2nd tries for 3rd, SAFE, throw by RF made to third
|
|
Batting: RHB Wil Ochoa
|
Balk! Tony Fernandez scores Luke Vaccarino to second 0-0: Ball Balk! Luke Vaccarino to third 1-0: Ball 2-0: Ball 3-0: Base on Balls
|
|
Batting: LHB Sam Williams
|
0-0: Ball 1-0: Ball Wild Pitch! Luke Vaccarino scores Wil Ochoa to second 2-0: Foul Ball, location: 2F 2-1: Ball 3-1: Swinging Strike 3-2: Base on Balls
|
|
Batting: RHB Fernando Bravo
|
0-0: Called Strike 0-1: DOUBLE (Line Drive, 7LD, EV 105.6 MPH) Wil Ochoa scores Sam Williams to third
|
|
Batting: RHB Carlos Teniente
|
0-0: Ball 1-0: Ball 2-0: Called Strike 2-1: Ground out 6-3 (Groundball, 6, EV 106.9 MPH) Sam Williams scores
|
|
Batting: LHB Vinny Rivera
|
0-0: Swinging Strike 0-1: Ball 1-1: Ball 2-1: Ball 3-1: Base on Balls
|
|
Batting: RHB Ismael Macedo
|
0-0: Called Strike 0-1: Ball 1-1: Foul Ball, location: 2F 1-2: Foul Ball, location: 2F 1-2: Strikes out swinging
|
|
Batting: RHB Matthew Neal
|
0-0: Foul Ball, location: 2F 0-1: Ball 1-1: Foul Ball, location: 2F 1-2: Ball 2-2: Ball 3-2: Base on Balls Fernando Bravo to third Vinny Rivera to second
|
|
Batting: RHB Tony Fernandez
|
0-0: Ball 1-0: Called Strike 1-1: Ground out U3 (Groundball, 13, EV 81.9 MPH)
|
| Top of the 1st over - 4 runs, 2 hits, 0 errors, 3 left on base; Baltimore (APP) 4 - Greeneville 0 |
| BOTTOM OF THE 1ST |
|
Greeneville Astros batting - Pitching for Baltimore (APP) Orioles : RHP Zhao-jun Zong
|
|
Pitching: RHP Zhao-jun Zong
|
|
|
Batting: RHB Omar Amaya
|
0-0: Ball 1-0: Foul Ball, location: 2F 1-1: Foul Ball, location: 2F 1-2: Foul Ball, location: 2F 1-2: Ball 2-2: Strikes out looking
|
|
Batting: RHB Chris Miller
|
0-0: Swinging Strike 0-1: Ball 1-1: Ground out 4-3 (Groundball, 4, EV 83.8 MPH)
|
|
Batting: LHB Mark Dearth
|
0-0: Called Strike 0-1: Hit by Pitch
|
|
Batting: RHB Erik Smith
|
0-0: Ball 1-0: Foul Ball, location: 2F 1-1: Reached on error, E5 (Groundball, 56, EV 101.9 MPH) Mark Dearth to second
|
|
Batting: RHB Yoshitoshi Mori
|
0-0: Called Strike 0-1: Foul Ball, location: 2F 0-2: Ball 1-2: Strikes out swinging
|
| Bottom of the 1st over - 0 runs, 0 hits, 1 error, 2 left on base; Baltimore (APP) 4 - Greeneville 0 |
| TOP OF THE 2ND |
|
Baltimore (APP) Orioles batting - Pitching for Greeneville Astros : RHP Mike Wirick
|
|
Batting: RHB Luke Vaccarino
|
0-0: SINGLE (Groundball, 34S, EV 66.9 MPH) (infield hit)
|
|
Batting: RHB Wil Ochoa
|
0-0: Ball 1-0: Ball 2-0: Ball 3-0: Base on Balls Luke Vaccarino to second
|
|
Batting: LHB Sam Williams
|
0-0: SINGLE (Line Drive, 9S, EV 90.0 MPH) Luke Vaccarino to third Wil Ochoa to second
|
|
Batting: RHB Fernando Bravo
|
0-0: SINGLE (Line Drive, 56D, EV 101.2 MPH) Luke Vaccarino scores Wil Ochoa to third Sam Williams to second
|
|
Pitching: RHP Greg Otto
|
|
|
Batting: RHB Carlos Teniente
|
0-0: Ball 1-0: Foul Ball, location: 2F 1-1: Ball 2-1: Ball 3-1: Base on Balls Wil Ochoa scores Sam Williams to third Fernando Bravo to second
|
|
Batting: LHB Vinny Rivera
|
0-0: Ball 1-0: Grounds into double play, 4-6-3 (Groundball, 4, EV 108.1 MPH) Sam Williams scores Fernando Bravo to third
|
|
Batting: RHB Ismael Macedo
|
0-0: Ball 1-0: Ball 2-0: Fly out, F4 (Popup, 3S, EV 85.6 MPH)
|
| Top of the 2nd over - 3 runs, 3 hits, 0 errors, 1 left on base; Baltimore (APP) 7 - Greeneville 0 |
| BOTTOM OF THE 2ND |
|
Greeneville Astros batting - Pitching for Baltimore (APP) Orioles : RHP Zhao-jun Zong
|
|
Batting: LHB Daigo Ishii
|
0-0: Foul Ball, location: 2F 0-1: Foul Ball, location: 2F 0-2: Strikes out looking
|
|
Batting: RHB Gabe Allen
|
0-0: Called Strike 0-1: Called Strike 0-2: Ball 1-2: Foul Ball, location: 2F 1-2: Ball 2-2: Ground out 6-3 (Groundball, 6, EV 101.9 MPH)
|
|
Batting: RHB Keith Goodwin
|
0-0: Called Strike 0-1: Ball 1-1: Foul Ball, location: 2F 1-2: Ground out 6-3 (Groundball, 6, EV 91.9 MPH)
|
| Bottom of the 2nd over - 0 runs, 0 hits, 0 errors, 0 left on base; Baltimore (APP) 7 - Greeneville 0 |
| TOP OF THE 3RD |
|
Baltimore (APP) Orioles batting - Pitching for Greeneville Astros : RHP Greg Otto
|
|
Batting: RHB Matthew Neal
|
0-0: Foul Ball, location: 2F 0-1: Ball 1-1: Foul Ball, location: 2F 1-2: Fly out, F9 (Line Drive, 89M, EV 94.4 MPH)
|
|
Batting: RHB Tony Fernandez
|
0-0: Ball 1-0: Ball 2-0: Ball 3-0: Called Strike 3-1: Foul Ball, location: 2F 3-2: SOLO HOME RUN (Line Drive, 78XD, EV 108.1 MPH), Distance : 409 ft
|
|
Batting: RHB Luke Vaccarino
|
0-0: Called Strike 0-1: Foul Ball, location: 2F 0-2: Ball 1-2: Strikes out looking
|
|
Batting: RHB Wil Ochoa
|
0-0: Ball 1-0: Called Strike 1-1: Foul Ball, location: 2F 1-2: SINGLE (Flyball, 7LS, EV 89.4 MPH)
|
|
Batting: LHB Sam Williams
|
0-0: Ball 1-0: Ball 2-0: Foul Ball, location: 2F 2-1: Foul Ball, location: 2F 2-2: Ground out 4-3 (Groundball, 4S, EV 83.1 MPH)
|
| Top of the 3rd over - 1 run, 2 hits, 0 errors, 1 left on base; Baltimore (APP) 8 - Greeneville 0 |
| BOTTOM OF THE 3RD |
|
Greeneville Astros batting - Pitching for Baltimore (APP) Orioles : RHP Zhao-jun Zong
|
|
Batting: RHB Guo-ning Chen
|
0-0: Ball 1-0: Ball 2-0: Fly out, F8 (Flyball, 8RS, EV 86.2 MPH)
|
|
Batting: RHB Omar Amaya
|
0-0: Ball 1-0: Called Strike 1-1: Ball 2-1: Called Strike 2-2: Ball 3-2: Base on Balls
|
|
Batting: RHB Chris Miller
|
0-0: Ball 1-0: Ball Omar Amaya steals 2nd base (no throw) 2-0: Ball 3-0: Base on Balls
|
|
Batting: LHB Mark Dearth
|
0-0: Called Strike 0-1: Ball 1-1: Ball 2-1: Called Strike 2-2: Ball 3-2: Foul Ball, location: 2F 3-2: Strikes out swinging
|
|
Batting: RHB Erik Smith
|
0-0: Called Strike 0-1: Swinging Strike 0-2: Fielders Choice at 2nd, 6-4 (Groundball, 6D, EV 110.0 MPH)
|
| Bottom of the 3rd over - 0 runs, 0 hits, 0 errors, 2 left on base; Baltimore (APP) 8 - Greeneville 0 |
| TOP OF THE 4TH |
|
Baltimore (APP) Orioles batting - Pitching for Greeneville Astros : RHP Greg Otto
|
|
Batting: RHB Fernando Bravo
|
0-0: Hit by Pitch
|
|
Pinch Runner at 1st Chris Wright:
|
|
|
Batting: RHB Carlos Teniente
|
0-0: Ball 1-0: Ball 2-0: Foul Ball, location: 2F 2-1: Ball 3-1: Foul Ball, location: 2F 3-2: Base on Balls Chris Wright to second
|
|
Batting: LHB Vinny Rivera
|
0-0: Called Strike 0-1: Ball 1-1: Ball 2-1: Ball 3-1: Base on Balls Chris Wright to third Carlos Teniente to second
|
|
Batting: RHB Ismael Macedo
|
0-0: Ball 1-0: Ball 2-0: Ball 3-0: Base on Balls Chris Wright scores Carlos Teniente to third Vinny Rivera to second
|
|
Pitching: RHP Russ Greer
|
|
|
Batting: RHB Matthew Neal
|
0-0: Called Strike 0-1: Called Strike 0-2: Ball 1-2: Fielders Choice at 2nd, 4-6 (Groundball, 4, EV 80.0 MPH) Carlos Teniente scores Vinny Rivera to third
|
|
Batting: RHB Tony Fernandez
|
0-0: Fly out, F9 (Flyball, 89M, EV 91.9 MPH) Throwing error, E9 Vinny Rivera scores Matthew Neal to second
|
|
Batting: RHB Luke Vaccarino
|
0-0: Called Strike 0-1: Ball 1-1: Ground out 6-3 (Groundball, 4M, EV 81.9 MPH)
|
| Top of the 4th over - 3 runs, 0 hits, 1 error, 1 left on base; Baltimore (APP) 11 - Greeneville 0 |
| BOTTOM OF THE 4TH |
|
Greeneville Astros batting - Pitching for Baltimore (APP) Orioles : RHP Zhao-jun Zong
|
|
Now at SS: Chris Wright
|
|
|
Batting: RHB Yoshitoshi Mori
|
0-0: Foul Ball, location: 2F 0-1: Ball 1-1: Foul Ball, location: 2F 1-2: Foul Ball, location: 2F 1-2: Ball 2-2: Foul Ball, location: 2F 2-2: Ball 3-2: Fly out, F8 (Flyball, 89M, EV 90.0 MPH)
|
|
Batting: LHB Daigo Ishii
|
0-0: Ball 1-0: Called Strike 1-1: Ground out 4-3 (Groundball, 4, EV 76.9 MPH)
|
|
Batting: RHB Gabe Allen
|
0-0: Ball 1-0: Foul Ball, location: 2F 1-1: Swinging Strike 1-2: Strikes out swinging
|
| Bottom of the 4th over - 0 runs, 0 hits, 0 errors, 0 left on base; Baltimore (APP) 11 - Greeneville 0 |
| TOP OF THE 5TH |
|
Baltimore (APP) Orioles batting - Pitching for Greeneville Astros : RHP Russ Greer
|
|
Batting: RHB Wil Ochoa
|
0-0: Called Strike 0-1: Ball 1-1: Swinging Strike 1-2: Ball 2-2: Foul Ball, location: 2F 2-2: Foul Ball, location: 2F 2-2: Foul Ball, location: 2F 2-2: Strikes out swinging
|
|
Batting: LHB Sam Williams
|
0-0: Ball 1-0: Called Strike 1-1: Ball 2-1: Foul Ball, location: 2F 2-2: Strikes out looking
|
|
Batting: SHB Chris Wright
|
0-0: Swinging Strike 0-1: Ground out 3-1 (Groundball, 34, EV 85.0 MPH)
|
| Top of the 5th over - 0 runs, 0 hits, 0 errors, 0 left on base; Baltimore (APP) 11 - Greeneville 0 |
| BOTTOM OF THE 5TH |
|
Greeneville Astros batting - Pitching for Baltimore (APP) Orioles : RHP Zhao-jun Zong
|
|
Batting: RHB Keith Goodwin
|
0-0: Called Strike 0-1: Called Strike 0-2: Ball 1-2: Foul Ball, location: 2F 1-2: Strikes out swinging
|
|
Batting: RHB Guo-ning Chen
|
0-0: Ball 1-0: Foul Ball, location: 2F 1-1: Ball 2-1: SOLO HOME RUN (Flyball, 7D, EV 98.1 MPH), Distance : 386 ft
|
|
Batting: RHB Omar Amaya
|
0-0: Ball 1-0: Swinging Strike 1-1: Ball 2-1: Ball 3-1: Ground out U3 (Groundball, 13, EV 91.2 MPH)
|
|
Batting: RHB Chris Miller
|
0-0: Ball 1-0: Called Strike 1-1: Ball 2-1: Swinging Strike 2-2: Ground out 3-1 (Groundball, 34, EV 105.0 MPH)
|
| Bottom of the 5th over - 1 run, 1 hit, 0 errors, 0 left on base; Baltimore (APP) 11 - Greeneville 1 |
| TOP OF THE 6TH |
|
Baltimore (APP) Orioles batting - Pitching for Greeneville Astros : RHP Russ Greer
|
|
Batting: RHB Carlos Teniente
|
0-0: Ball 1-0: Ball 2-0: Called Strike 2-1: Called Strike 2-2: SINGLE (Groundball, 4MD, EV 106.9 MPH)
|
|
Batting: LHB Vinny Rivera
|
0-0: TRIPLE (Flyball, 89XD, EV 91.2 MPH) Carlos Teniente scores
|
|
Batting: RHB Ismael Macedo
|
0-0: Fly out, F7 (Flyball, 78M, EV 93.8 MPH)
|
|
Batting: RHB Matthew Neal
|
0-0: Foul Ball, location: 2F 0-1: Ball 1-1: Called Strike 1-2: Strikes out looking
|
|
Batting: RHB Tony Fernandez
|
0-0: Foul Ball, location: 2F 0-1: Ball 1-1: Called Strike 1-2: Ball 2-2: Ground out 6-3 (Groundball, 6M, EV 81.9 MPH)
|
| Top of the 6th over - 1 run, 2 hits, 0 errors, 1 left on base; Baltimore (APP) 12 - Greeneville 1 |
| BOTTOM OF THE 6TH |
|
Greeneville Astros batting - Pitching for Baltimore (APP) Orioles : RHP Zhao-jun Zong
|
|
Batting: LHB Mark Dearth
|
0-0: Ball 1-0: Ball 2-0: Called Strike 2-1: Swinging Strike 2-2: Foul Ball, location: 2F 2-2: Foul Ball, location: 2F 2-2: Strikes out looking
|
|
Batting: RHB Erik Smith
|
0-0: Ball 1-0: Reached on error, E7 (Flyball, 78M, EV 88.1 MPH)
|
|
Batting: RHB Yoshitoshi Mori
|
0-0: Ball 1-0: SINGLE (Flyball, 4MD, EV 92.5 MPH) Erik Smith to second
|
|
Pitching: LHP Lawson Noseworthy
|
|
|
Batting: LHB Daigo Ishii
|
0-0: Ball 1-0: Ball 2-0: Called Strike 2-1: Ball 3-1: Base on Balls Erik Smith to third Yoshitoshi Mori to second
|
|
Batting: RHB Gabe Allen
|
0-0: Ball 1-0: Foul Ball, location: 2F 1-1: Swinging Strike 1-2: Foul Ball, location: 2F 1-2: Foul Ball, location: 2F 1-2: Ball 2-2: Foul Ball, location: 2F 2-2: SINGLE (Line Drive, 7S, EV 104.4 MPH) Erik Smith scores Yoshitoshi Mori to third Daigo Ishii to second Runner from 3rd tries for Home, SAFE, throw by LF to home
|
|
Batting: RHB Keith Goodwin
|
0-0: Called Strike 0-1: Ball 1-1: Ball Wild Pitch! Daigo Ishii to third Gabe Allen to second 2-1: Ball 3-1: Base on Balls
|
|
Batting: RHB Guo-ning Chen
|
0-0: Called Strike 0-1: Ball 1-1: Foul Ball, location: 2F 1-2: Ball 2-2: Strikes out swinging
|
|
Batting: RHB Omar Amaya
|
0-0: Ball 1-0: Foul Ball, location: 2F 1-1: Fielders Choice at 2nd, 6-4 (Groundball, 6, EV 86.9 MPH)
|
| Bottom of the 6th over - 2 runs, 2 hits, 1 error, 3 left on base; Baltimore (APP) 12 - Greeneville 3 |
| TOP OF THE 7TH |
|
Baltimore (APP) Orioles batting - Pitching for Greeneville Astros : RHP Russ Greer
|
|
Batting: RHB Luke Vaccarino
|
0-0: SINGLE (Groundball, 4MD, EV 103.1 MPH)
|
|
Batting: RHB Wil Ochoa
|
0-0: Called Strike 0-1: Ball 1-1: Called Strike 1-2: Ball 2-2: Ball 3-2: Base on Balls Luke Vaccarino to second
|
|
Pitching: RHP Jon Davis
|
|
|
Pinch Hitting: RHB Jason Burke
|
0-0: Called Strike 0-1: Ball 1-1: Ball 2-1: Ball 3-1: Base on Balls Luke Vaccarino to third Wil Ochoa to second
|
|
Batting: SHB Chris Wright
|
0-0: Called Strike 0-1: Foul Ball, location: 2F 0-2: Strikes out swinging
|
|
Batting: RHB Carlos Teniente
|
0-0: Ball 1-0: Ball 2-0: Fielders Choice at 2nd, 6-4 (Groundball, 6, EV 113.8 MPH) Luke Vaccarino scores Wil Ochoa to third
|
|
Batting: LHB Vinny Rivera
|
0-0: Ball 1-0: DOUBLE (Flyball, 8LXD, EV 104.4 MPH) Wil Ochoa scores Carlos Teniente to third
|
|
Batting: RHB Ismael Macedo
|
0-0: Ball 1-0: 3-RUN HOME RUN (Flyball, 7LD, EV 93.8 MPH), Distance : 345 ft
|
|
Batting: RHB Matthew Neal
|
0-0: Ball 1-0: Ball 2-0: Foul Ball, location: 2F 2-1: Foul Ball, location: 2F 2-2: Strikes out swinging
|
| Top of the 7th over - 5 runs, 3 hits, 0 errors, 0 left on base; Baltimore (APP) 17 - Greeneville 3 |
| BOTTOM OF THE 7TH |
|
Greeneville Astros batting - Pitching for Baltimore (APP) Orioles : LHP Lawson Noseworthy
|
|
Now at 1B: Chris McGuirk
|
|
|
Pinch Hitting: SHB Miguel Sierra
|
0-0: Ground out 5-3 (Groundball, 5, EV 84.4 MPH)
|
|
Batting: LHB Mark Dearth
|
0-0: Foul Ball, location: 2F 0-1: Ball 1-1: Foul Ball, location: 2F 1-2: Strikes out swinging
|
|
Batting: RHB Erik Smith
|
0-0: Ball 1-0: Called Strike 1-1: SOLO HOME RUN (Flyball, 7D, EV 97.5 MPH), Distance : 395 ft
|
|
Batting: RHB Yoshitoshi Mori
|
0-0: Ball 1-0: Foul Ball, location: 2F 1-1: Ball 2-1: Ground out 6-3 (Groundball, 6, EV 108.8 MPH)
|
| Bottom of the 7th over - 1 run, 1 hit, 0 errors, 0 left on base; Baltimore (APP) 17 - Greeneville 4 |
| TOP OF THE 8TH |
|
Baltimore (APP) Orioles batting - Pitching for Greeneville Astros : RHP Jon Davis
|
|
Now in LF: Miguel Sierra
|
|
|
Batting: RHB Tony Fernandez
|
0-0: Called Strike 0-1: Swinging Strike 0-2: Ball 1-2: Foul Ball, location: 2F 1-2: Strikes out looking
|
|
Batting: RHB Luke Vaccarino
|
0-0: Ball 1-0: SOLO HOME RUN (Flyball, 7LD, EV 93.1 MPH), Distance : 359 ft
|
|
Batting: RHB Wil Ochoa
|
0-0: Ball 1-0: Called Strike 1-1: Ball 2-1: SINGLE (Groundball, 56D, EV 101.9 MPH)
|
|
Batting: RHB Chris McGuirk
|
0-0: Ball 1-0: Ball 2-0: Ball 3-0: Base on Balls Wil Ochoa to second
|
|
Batting: SHB Chris Wright
|
0-0: Fly out, F9 (Flyball, 89D, EV 96.9 MPH) Runner from 2nd tags up, SAFE at 3rd, no throw by RF
|
|
Batting: RHB Carlos Teniente
|
0-0: Swinging Strike 0-1: Ball 1-1: Swinging Strike Passed Ball! Wil Ochoa scores Chris McGuirk to second 1-2: Strikes out looking
|
| Top of the 8th over - 2 runs, 2 hits, 0 errors, 1 left on base; Baltimore (APP) 19 - Greeneville 4 |
| BOTTOM OF THE 8TH |
|
Greeneville Astros batting - Pitching for Baltimore (APP) Orioles : LHP Lawson Noseworthy
|
|
Batting: LHB Daigo Ishii
|
0-0: Ground out 4-3 (Groundball, 4, EV 104.4 MPH)
|
|
Batting: RHB Gabe Allen
|
0-0: Called Strike 0-1: Ground out 5-3 (Groundball, 56S, EV 87.5 MPH)
|
|
Batting: RHB Keith Goodwin
|
0-0: Called Strike 0-1: Swinging Strike 0-2: Ball 1-2: Strikes out looking
|
| Bottom of the 8th over - 0 runs, 0 hits, 0 errors, 0 left on base; Baltimore (APP) 19 - Greeneville 4 |
| TOP OF THE 9TH |
|
Baltimore (APP) Orioles batting - Pitching for Greeneville Astros : RHP Jon Davis
|
|
Pitching: RHP Matt Doherty
|
|
|
Batting: LHB Vinny Rivera
|
0-0: Fly out, F8 (Flyball, 8RXD, EV 96.9 MPH)
|
|
Batting: RHB Ismael Macedo
|
0-0: Called Strike 0-1: Ball 1-1: Called Strike 1-2: DOUBLE (Line Drive, 9LM, EV 104.4 MPH) - OUT at third base trying to stretch hit.
|
|
Batting: RHB Matthew Neal
|
0-0: Swinging Strike 0-1: Foul Ball, location: 2F 0-2: Strikes out swinging
|
| Top of the 9th over - 0 runs, 1 hit, 0 errors, 0 left on base; Baltimore (APP) 19 - Greeneville 4 |
| BOTTOM OF THE 9TH |
|
Greeneville Astros batting - Pitching for Baltimore (APP) Orioles : LHP Lawson Noseworthy
|
|
Pitching: RHP Oscar Chacon
|
|
|
Batting: RHB Guo-ning Chen
|
0-0: Swinging Strike 0-1: Foul Ball, location: 2F 0-2: Strikes out looking
|
|
Batting: RHB Omar Amaya
|
0-0: Ball 1-0: Ground out 6-3 (Groundball, P, EV 88.1 MPH)
|
|
Batting: SHB Miguel Sierra
|
0-0: Ground out U3 (Groundball, 3L, EV 98.8 MPH)
|
| Bottom of the 9th over - 0 runs, 0 hits, 0 errors, 0 left on base; Baltimore (APP) 19 - Greeneville 4 |
|